 Dungeon Sprint DCSS version 0.30-a0-778-g2ef04afb54 (webtiles) character file.

Game seed: 12560525552111214418

616 mhtbhm the Unseen (level 7, -3/37 HPs)
             Began as a Spriggan Brigand on Feb 17, 2023.
             Slain by Sonja
             ... wielding a +1 short sword of distortion
              (4 damage)
             ... in the Dungeon (Sprint I: "Red Sonja").
             The game lasted 00:01:46 (298 turns).

mhtbhm the Unseen (Spriggan Brigand)                 Turns: 298, Time: 00:01:46

Health: -3/37      AC:  3    Str:  7    XL:     7   Next: 21%
Magic:  8/8        EV: 18    Int: 13    God:
Gold:   405        SH:  0    Dex: 18    Spells: 6/6 levels left

rFire   . . .      SeeInvis +    a - +2 dagger
rCold   . . .      Faith    .    (no shield)
rNeg    . . .      Spirit   .    b - +0 robe
rPois   .          Reflect  .    (helmet restricted)
rElec   .          Harm     .    c - +0 cloak
rCorr   .          Rampage  .    (gloves unavailable)
Will    +....      NoTele   +    (boots unavailable)
Stlth   +++++++                  (no amulet)
HPRegen 0.26/turn                (no ring)
MPRegen 0.11/turn                (no ring)

@: lethally poisoned (-3 -> -5), slowed, quick
A: very small, no large weapons, unfitting armour, see invisible, speed 3
a: no special abilities


You were in the Dungeon.
You visited 1 branch You collected 405 gold pieces.

Inventory:

Hand Weapons
 a - a +2 dagger (weapon)
Missiles
 d - 15 poisoned darts
 e - a curare-tipped dart (quivered)
Armour
 b - a +0 robe (worn)
 c - a +0 cloak (worn)
Wands
 l - a wand of polymorph (5)
Scrolls
 k - a scroll of blinking
 m - a scroll of identify {unknown}
Potions
 f - a potion of curing
 g - a potion of heal wounds
 h - a potion of haste
 i - 2 potions of magic
 j - a potion of berserk rage


   Skills:
 + Level 4.2 Fighting
 + Level 5.7 Short Blades
 + Level 6.1 Throwing
 + Level 3.5 Dodging
 + Level 19.4 Stealth


You had 6 spell levels left.
You didn't know any spells.
Your spell library was empty.

Dungeon Overview and Level Annotations

Branches:
Dungeon (1/1)

Altars:
Cheibriados
Dithmenos
Elyvilon
Fedhas
Gozag
Hepliaklqana
Kikubaaqudgha
Makhleb
Nemelex Xobeh
Okawaru
Qazlal
Ru
Sif Muna
Trog
Uskayaw
Vehumet
Wu Jian
Xom
Yredelemnul
Zin
The Shining One
Jiyva
Lugonu

Shops:
D :

Annotations:
D Sonja


Innate Abilities, Weirdness & Mutations

You are very small and have problems with some larger weapons.
You are too small for most types of armour.
You have supernaturally acute eyesight. (SInv)
You cover ground extremely quickly. (Speed+++)


Message History

There is an open door here.
There is an ornate altar of the Wu Jian Council here.
Unknown command.
You open the door.
Sonja, the Graceful Assassin comes into view.
She is wielding a +1 short sword of distortion and quivering curare-tipped darts.
Found 108 gold pieces.
Throw: 3 darts (curare)
Press: ? - help, Q - select action, (/) - cycle Shift-Dir - straight line, f - Sonja
Aim: Sonja, wielding a +1 short sword of distortion and quivering curare-tipped darts (asleep, 98% to hit)
You throw a curare-tipped dart. The curare-tipped dart hits Sonja.
Sonja is poisoned.
Sonja convulses.
Sonja seems to slow down.
Sonja shouts!
Sonja is lightly wounded.
Sonja says, "If only old Madame Brzewit could see me now!"
Sonja throws a curare-tipped dart.
The curare-tipped dart hits you.
You are poisoned.
You have difficulty breathing.
You feel yourself slow down.
Unknown command.
Throw: 2 darts (curare)
Press: ? - help, Q - select action, (/) - cycle Shift-Dir - straight line, f/p - Sonja
Aim: Sonja, wielding a +1 short sword of distortion and quivering curare-tipped darts (moderately wounded, very poisoned, slow, 23% to hit)
You throw a curare-tipped dart. The curare-tipped dart misses Sonja.
You feel sick.
Unknown command.
Aiming: Polymorph
Press: ? - help, Shift-Dir - straight line, f/p - Sonja
Aim: Sonja, wielding a +1 short sword of distortion and quivering curare-tipped darts (moderately wounded, very poisoned, slow, will become a human, a wyvern, or a basilisk, chance to affect: 57%) Sonja resists with significant effort.
You feel sick.
Unknown command.
Aiming: Polymorph
Press: ? - help, Shift-Dir - straight line, f/p - Sonja
Aim: Sonja, wielding a +1 short sword of distortion and quivering curare-tipped darts (moderately wounded, very poisoned, slow, will become a human, a wyvern, or a basilisk, chance to affect: 57%) Sonja resists with significant effort.
You feel sick. Sonja completely misses you.
Sonja hits you with a +1 short sword of distortion.
Space warps horribly around you!!
* * * LOW HITPOINT WARNING * * *
Sonja hits you with a +1 short sword of distortion.
You die...

######################
#<.#..'..#..'..#__#..+
#..)..#..').#..'..'..#
#.)#####'#####'#__####
#..####..#...#.####
#..#__####..##.#
#..#_____##'#_.+
#⌠⌠#_.∩..†'..._#
####_..__##_@#'#
#_____###K#)# #######
#.### $.$ $.$ ##(##
#+#


You could see Sonja (poisoned, slow).

Vanquished Creatures
  A slime creature (D)
  Sigmund (D)
  A yak (D)
  An ogre (D)
  A jelly (D)
  Ijyb (D)
6 creatures vanquished.

Notes
Turn   | Place    | Note
-------+----------+-------------------------------------------
     0 | D        | mhtbhm the Spriggan Brigand began the quest for the Orb.
     0 | D        | Reached XP level 1. HP: 10/10 MP: 2/2
     2 | D        | Noticed Ijyb
    23 | D        | Killed Ijyb
    24 | D        | Reached skill level 9 in Stealth
    24 | D        | Reached XP level 2. HP: 12/15 MP: 3/3
   147 | D        | Noticed an ogre
   158 | D        | Killed an ogre
   159 | D        | Reached skill level 12 in Stealth
   159 | D        | Reached XP level 3. HP: 19/19 MP: 4/4
   159 | D        | Reached XP level 4. HP: 23/23 MP: 5/5
   180 | D        | Noticed Sigmund
   187 | D        | Killed Sigmund
   188 | D        | Reached skill level 16 in Stealth
   188 | D        | Reached XP level 5. HP: 28/28 MP: 6/6
   188 | D        | Reached XP level 6. HP: 32/32 MP: 7/7
   204 | D        | Found an ornate altar of the Wu Jian Council.
   204 | D        | Found a shimmering blue altar of Sif Muna.
   206 | D        | Found a radiant altar of Vehumet.
   211 | D        | Reached skill level 5 in Short Blades
   211 | D        | Reached skill level 5 in Throwing
   247 | D        | Found Doudith's Book Emporium.
   247 | D        | Found an ancient bone altar of Kikubaaqudgha.
   247 | D        | Found a hazy altar of Hepliaklqana.
   247 | D        | Found a stormy altar of Qazlal.
   247 | D        | Found a hide-covered altar of Uskayaw.
   247 | D        | Found a blossoming altar of Fedhas.
   247 | D        | Found a bloodstained altar of Trog.
   247 | D        | Found an iron altar of Okawaru.
   247 | D        | Found a basalt altar of Yredelemnul.
   247 | D        | Found a glowing golden altar of the Shining One.
   247 | D        | Found a snail-covered altar of Cheibriados.
   247 | D        | Found a sacrificial altar of Ru.
   247 | D        | Found a glowing silver altar of Zin.
   247 | D        | Found a shadowy altar of Dithmenos.
   247 | D        | Found a white marble altar of Elyvilon.
   247 | D        | Noticed a yak
   248 | D        | Found an opulent altar of Gozag.
   249 | D        | Killed a yak
   250 | D        | Reached skill level 18 in Stealth
   250 | D        | Found a sparkling altar of Nemelex Xobeh.
   267 | D        | Found a burning altar of Makhleb.
   267 | D        | Found a viscous altar of Jiyva.
   267 | D        | Found a shimmering altar of Xom.
   267 | D        | Found a corrupted altar of Lugonu.
   267 | D        | Noticed a slime creature
   270 | D        | Killed a slime creature
   271 | D        | Reached skill level 19 in Stealth
   271 | D        | Reached XP level 7. HP: 37/37 MP: 8/8
   294 | D        | Noticed Sonja
   298 | D        | HP: 1/37 [Sonja/+1 short sword of distortion (18)]
   298 | D        | Slain by Sonja

Illustrated notes

Levels and vault maps discovered:
D:        dungeon_sprint_1 [red_sonja_temple_1, red_sonja_temple_small_1]

Skill      XL: |  1  2  3  4  5  6 |
---------------+-------------------+-----
Fighting       | 2 3 4 |  4.2
Stealth        | 9 12 16 19 | 19.4
Short Blades   | 3 4 5 |  5.7
Throwing       | 3 4 6 |  6.1
Dodging        | 2 3 |  3.5

Action                     |  1- 3 |  4- 6 |  7- 9 || total
---------------------------+-------+-------+-------++-------
  Melee: Unarmed           |     9 |       |       ||     9
         Dagger            |     4 |     7 |       ||    11
  Throw: Dart              |     5 |     2 |     2 ||     9
  Evoke: Wand              |       |       |     2 ||     2
   Stab: Sleeping          |       |     3 |       ||     3
  Dodge: Dodged            |     6 |     2 |     1 ||     9

Table legend: (Time is in decaauts)
 A = Elapsed time spent in this place.
 B = Non-inter-level travel time spent in this place.
 C = Inter-level travel time spent in this place.
 D = Time resting spent in this place.
 E = Time spent auto-exploring this place.
 F = Levels seen in this place.
 G = Mean time per level.
                   A        B        C        D        E       F      G
               +--------+--------+--------+--------+--------+-----+--------+
         Total |    248 |    248 |      0 |    114 |      0 |   1 |  248.0 |
       Dungeon |    248 |    248 |      0 |    114 |      0 |   1 |  248.0 |
               +--------+--------+--------+--------+--------+-----+--------+

Top non-repeatable levels by time:
       D: 248 daAuts
